 Dungeon Crawl Stone Soup version 0.28.0 (webtiles) character file.

Game seed: 10673475431034059765

2259 Softman25 the Spear-Bearer (level 9, -5/74 HPs)
             Began as a Merfolk Gladiator on Feb 22, 2022.
             Was a Priest of Qazlal.
             Slain by an orc knight (24 damage)
             ... in a bailey.
             The game lasted 00:15:39 (5995 turns).

Softman25 the Spear-Bearer (Merfolk Gladiator)      Turns: 5995, Time: 00:15:40

Health: -5/74      AC: 15    Str: 18    XL:     9   Next: 38%
Magic:  6/9        EV: 16    Int:  9    God:    Qazlal [***...]
Gold:   257        SH:  4    Dex: 16    Spells: 8/8 levels left

rFire   . . .      SeeInvis .   w - +3 halberd
rCold   . . .      Faith    .   (shield currently unavailable)
rNeg    . . .      Spirit   .   k - +5 ring mail
rPois   +          Reflect  .   c - +0 helmet
rElec   .          Harm     .   v - +2 cloak
rCorr   .          Rampage  .   (no gloves)
Will    .....                   q - +0 pair of boots
Stlth   +.........              (no amulet)
HPRegen 0.22/turn               r - ring of poison resistance
MPRegen 0.11/turn               (no ring)

@: no status effects
A: (nimble swimmer 2), mertail, clever 1, passive freeze, poison resistance
a: Renounce Religion, Upheaval, Elemental Force


You were in a bailey.
You worshipped Qazlal.
Qazlal was most pleased with you.
You visited 2 branches of the dungeon, and saw 8 of its levels.
You also visited: Bailey.

You collected 407 gold pieces.
You spent 150 gold pieces at shops.

Inventory:

Hand Weapons
 a - a +1 trident
 w - a +3 halberd (weapon)
Missiles
 d - 2 throwing nets (quivered)
Armour
 c - a +0 helmet (worn)
 k - a +5 ring mail (worn)
 q - a +0 pair of boots (worn)
 v - a +2 cloak (worn)
Jewellery
 h - a ring of positive energy
 r - a ring of poison resistance (left hand)
 t - a ring of see invisible
 y - a ring of willpower
Wands
 b - a wand of acid (8)
 l - a wand of iceblast (12)
 u - a wand of flame (13)
Scrolls
 e - a scroll of blinking
 g - 2 scrolls of teleportation
 i - a scroll of enchant weapon
 m - 2 scrolls of enchant armour
 o - a scroll of amnesia
 p - a scroll of silence
 x - a scroll of vulnerability
 B - a scroll of magic mapping
Potions
 f - 2 potions of mutation
 j - a potion of curing
 n - 2 potions of invisibility
 z - 3 potions of might
 A - 2 potions of resistance
 C - 4 potions of brilliance {unknown}
 D - a potion of haste
 E - a potion of magic {unknown}


   Skills:
 + Level 8.0 Fighting
 + Level 11.0 Polearms
 - Level 2.0 Throwing
 * Level 0.0 Armour
 - Level 10.0 Dodging
 + Level 0.0 Invocations


You had 8 spell levels left.
You didn't know any spells.
Your spell library contained the following spells:

 Spells                   Type           Power      Damage    Failure   Level
 Airstrike                Air            0%         N/A       100%        4
 Summon Lightning Spire   Summ/Air       0%         N/A       100%        4
 Lightning Bolt           Conj/Air       0%         1d11      100%        5


Dungeon Overview and Level Annotations

Branches:
Dungeon (7/15)             Temple (1/1) D:4          Bailey (1/1)

Altars:
Qazlal
The Shining One

Shops:
D:4 =   D:6 !


Innate Abilities, Weirdness & Mutations

((You are very nimble when in or above water. (Stealth+, EV+, Speed+++)))
Your lower body shifts to a powerful aquatic tail in water.
Your mind is acute. (Int +2)
A frigid envelope surrounds you and freezes all who hurt you.
Your system is resistant to poisons. (rPois)


Message History

Aiming: Upheaval
Press: ? - help, Dir - move target, f/p - orc knight
Aim: an orc knight, wielding a +0 halberd and wearing a +0 chain mail (moderately wounded, strong, covered in acid)
A blizzard blasts the area with ice!
The blast of ice hits the orc knight!!
The orc knight is severely wounded.
The orc knight is flash-frozen.
The orc knight is no longer covered in acid.
The orc knight hits you from afar with a +0 halberd!!!
Ouch! That really hurt!
* * * LOW HITPOINT WARNING * * *
The orc knight is no longer covered in acid.
You feel much better.
The orc knight hits you from afar with a +0 halberd!
* * * LOW HITPOINT WARNING * * *
You feel much better.
The orc knight no longer looks unusually strong.
The orc knight is no longer encased in ice.
The orc no longer looks unusually strong.
The orc knight hits you from afar with a +0 halberd.
The orc closely misses you.
The orc no longer looks unusually strong.
There is an open door here.
Aiming: Iceblast
Press: ? - help, Shift-Dir - straight line, f - orc, p - orc knight
Aim: an orc, wielding a +0 spear and wearing a +0 ring mail The mass of ice explodes!
The iceblast engulfs the orc!
You kill the orc!
Qazlal accepts your kill.
The iceblast engulfs the orc knight!
The orc knight is moderately wounded.
The iceblast engulfs the orc knight.
The orc knight is severely wounded.
The orc knight roars a battlecry!
The orc goes into a battle-frenzy!
The orc knight hits you from afar with a +0 halberd!!
* * * LOW HITPOINT WARNING * * *
You feel much better.
The orc knight hits you from afar with a +0 halberd!!
You die...

############ #######
##.∩........## ##.....####
#......#.....######.......#..
#.....###...@#.o.)#).##...'..
#[.....8....§'o)..)).8....').
#....)###....#....#..##...'..
#.....)#)....######.......#..
##.∩..)))...## ##.....####
############ #######


You could see an orc knight.

Vanquished Creatures
  3 orc warriors (Bailey)
  2 sky beasts
  5 ogres
  A necrophage (D:5)
  A phantom (D:5)
  3 scorpions
  9 wights
  2 centaur zombies (D:6)
  2 gnoll shamans (D:7)
  2 hounds
  2 jellies
  Crazy Yiuf (D:6)
  A bullfrog skeleton (D:6)
  2 iguanas
  9 gnolls
  9 adders
  2 ufetubi
  A dart slug (D:5)
  23 orcs
  7 ball pythons
  3 bats
  5 endoplasms
  2 giant cockroaches
  7 goblins
  10 hobgoblins
  4 jackals (D:3)
  7 quokkas
  2 frilled lizards (D:1)
  6 kobolds
  5 rats
138 creatures vanquished.

Vanquished Creatures (others)
  4 plants (D:2)
4 creatures vanquished.

Grand Total: 142 creatures vanquished

Notes
Turn   | Place    | Note
-------+----------+-------------------------------------------
     0 | D:1      | Softman25 the Merfolk Gladiator began the quest for the
                  | Orb.
     0 | D:1      | Reached XP level 1. HP: 16/16 MP: 1/1
   159 | D:1      | Reached XP level 2. HP: 13/23 MP: 2/2
   341 | D:1      | Reached skill level 5 in Polearms
   366 | D:1      | Reached XP level 3. HP: 28/28 MP: 3/3
  1057 | D:2      | Noticed an ogre
  1069 | D:2      | Killed an ogre
  1070 | D:2      | Reached skill level 6 in Polearms
  1070 | D:2      | Reached skill level 5 in Dodging
  1070 | D:2      | Reached XP level 4. HP: 34/37 MP: 4/4
  1070 | D:2      | Reached XP level 5. HP: 38/42 MP: 5/5
  2076 | D:3      | Found a faded altar of an unknown god.
  2096 | D:3      | Prayed at the altar of an unknown god.
  2096 | D:3      | Became a worshipper of Qazlal Stormbringer
  2096 | D:3      | Reached * piety under Qazlal
  2436 | D:4      | Reached XP level 6. HP: 42/48 MP: 6/6
  2656 | D:4      | Noticed a sky beast
  2668 | D:4      | Killed a sky beast
  2669 | D:4      | Reached skill level 7 in Polearms
  2731 | D:4      | Gained mutation: You have hidden genetic potential. [potion
                  | of mutation]
  2731 | D:4      | Gained mutation: Your mind is acute. (Int +2) [potion of
                  | mutation]
  2734 | D:4      | HP: 3/75 [poisoned by a scorpion]
  3083 | D:4      | Found Bamegy's Jewellery Boutique.
  3158 | D:4      | Found a staircase to the Ecumenical Temple.
  3165 | D:4      | Reached XP level 7. HP: 55/55 MP: 7/7
  3169 | Temple   | Entered the Ecumenical Temple
  3445 | D:4      | Reached skill level 5 in Fighting
  3739 | D:5      | Entered Level 5 of the Dungeon
  3811 | D:5      | Gained mutation: Your system is resistant to poisons.
                  | (rPois) [hidden potential]
  3958 | D:5      | Reached skill level 8 in Polearms
  4288 | D:5      | Reached ** piety under Qazlal
  4289 | D:5      | Reached XP level 8. HP: 64/64 MP: 8/8
  4362 | D:5      | Gained mutation: A frigid envelope surrounds you and
                  | freezes all who hurt you. [hidden potential]
  4362 | D:5      | Lost mutation: You have hidden genetic potential. [hidden
                  | potential expressed]
  4735 | D:5      | Found a glowing golden altar of the Shining One.
  4821 | D:6      | Found a runed translucent door.
  4822 | D:6      | Noticed Crazy Yiuf
  4833 | D:6      | Killed Crazy Yiuf
  4834 | D:6      | Reached skill level 9 in Polearms
  5077 | D:6      | Found Suvuam's Distillery.
  5086 | D:6      | Bought a potion of might for 60 gold pieces
  5086 | D:6      | Bought a potion of heal wounds for 75 gold pieces
  5086 | D:6      | Bought a potion of degeneration for 15 gold pieces
  5627 | D:7      | Reached skill level 10 in Polearms
  5666 | D:7      | Reached XP level 9. HP: 72/72 MP: 9/9
  5837 | D:7      | Found a flagged portal.
  5843 | Bailey   | Entered a bailey
  5871 | Bailey   | Reached *** piety under Qazlal
  5922 | Bailey   | Reached skill level 10 in Dodging
  5961 | Bailey   | Noticed an orc knight
  5963 | Bailey   | Noticed an orc knight
  5968 | Bailey   | Reached skill level 11 in Polearms
  5987 | Bailey   | HP: 1/74 [orc knight (38)]
  5995 | Bailey   | Slain by an orc knight

Illustrated notes

Levels and vault maps discovered:
D:1:      dpeg_arrival_round_b, layout_rooms
D:2:      layout_basic, grunt_ministairs_15, chequers_big_river
D:3:      layout_rooms, basic_ecumenical_altar
D:4:      layout_loops_ring, temple_green, serial_shops, nicolae_diamond_shop
D:5:      layout_loops_ring, marbit_many_paths
D:6:      layout_basic, serial_shops, shop_fountains, uniq_crazy_yiuf_cottage
D:7:      layout_loops_corners, serial_shops, nicolae_square_shop,
          enter_bailey_1
Temple:   roderic_octagonal_lattice_temple
Bailey:   bailey_polearm_5, bailey

Skill      XL: |  1  2  3  4  5  6  7  8  9 |
---------------+----------------------------+-----
Polearms       | 5 6 7 8 10 11 | 11.0
Fighting       | 3 4 6 7 8 |  8.0
Dodging        | 5 6 7 9 10 | 10.0
Throwing       | |  2.0

Action                   |  1- 3 |  4- 6 |  7- 9 || total
-------------------------+-------+-------+-------++-------
Melee: Trident           |   110 |   101 |   206 ||   417
       Punch             |     1 |       |     3 ||     4
Throw: Throwing net      |     1 |       |       ||     1
Invok: Upheaval          |       |       |     1 ||     1
Evoke: Wand              |       |       |    14 ||    14
  Use: Potion            |       |     2 |     3 ||     5
       Scroll            |       |       |    14 ||    14
 Stab: Sleeping          |       |     2 |       ||     2
Armor: Leather armour    |    18 |    19 |       ||    37
       Ring mail         |       |       |    49 ||    49
Dodge: Dodged            |    42 |    55 |   100 ||   197
Block: Other             |       |     2 |    15 ||    17
